AoeStats
← MatzeAoE

MegaRandom

505994086Analyzed
1v1 RM · 21d ago on Sep 12, 2026· 26m 10s· 2 players
Game mode
Random Map
Map size
Tiny (2 player)
Population
200
Speed
Normal
Resources
Standard
Victory
Conquest
Starting age
Dark Age
Ending age
Imperial Age
RankedLock teamsTeams togetherTeam positionsShared explorationLock speedFull tech treeHidden civsTurbo modeCheats
Victory
Defeat
🇩🇪 Bengalis · Germany
2124
+25
🇺🇸 Mongols · United States
2339
-25
MatzeAoE
11:34 Feudal Age
12:28 Double-Bit Axe
13:33 Forging
13:27 Fletching
17:42 Fishing Lines
22:53 Castle Age
22:20 Gold Mining
23:45 Medium Warships
24:35 Clinker Construction
24:31 Siphons
Scotty
2:04 Loom
8:38 Feudal Age
10:04 Double-Bit Axe
21:13 Castle Age
19:24 Forging
20:50 Fletching
21:52 Bodkin Arrow
22:09 Medium Warships
Connection lost

Rejoining the realm…

Still unreachable

The connection could not be restored.

Session expired

The server has moved on; the page needs a fresh start.